 Dungeon Crawl Stone Soup version 0.31-a0-1001-g770356a28f (webtiles) character file.

Game seed: 18280726270401189450

1306 Colgate the Changeling (level 7, -12/67 HPs)
             Began as a Troll Shapeshifter on Nov 8, 2023.
             Was an Elder of Ru.
             Mangled by Maggie
             ... wielding a +2 glaive of flaming
              (16 damage)
             ... on level 6 of the Dungeon.
             The game lasted 00:25:19 (5954 turns).

Colgate the Changeling (Troll Shapeshifter)         Turns: 5954, Time: 00:25:20

Health: -12/67     AC:  8    Str: 25    XL:     7   Next: 32%
Magic:  6/6        EV:  9    Int:  6    God:    Ru [****..]
Gold:   313        SH:  0    Dex:  9    Spells: 6/6 levels left

rFire   . .          .
                       - Unarmed
rCold   . . .        (shield unavailable)
rNeg    . . .        a - +0 animal skin
rPois   .            (helmet restricted)
rElec   .            D - scarf {shadows}
rCorr   .            (gloves unavailable)
SInv    .            (boots unavailable)
Will    .....        p - amulet of magic regeneration
Stlth   +            (ring unavailable)
HPRegen 1.11/turn    g - +4 ring of protection
MPRegen 0.50/turn

%: no passive effects
@: flux-form, glowing
A: glow, contaminating, large, unfitting armour, claws 3, regeneration 1, shaggy
fur 1, tough skin 1, missing a hand, inexperienced 1
a: Begin Untransformation, Renounce Religion, Draw Out Power, Power Leap


You were on level 6 of the Dungeon.
You worshipped Ru.
Ru was greatly pleased with you.
You were something dangerously unstable.
You visited 2 branches of the dungeon, and saw 7 of its levels.

You collected 313 gold pieces.

Inventory:

Armour
 a - a +0 animal skin (worn)
 l - an orb of guile
 D - a scarf of shadows (worn)
Jewellery
 g - a +4 ring of protection (right claw)
 h - a ring of positive energy
 p - an amulet of magic regeneration (around neck)
 y - a ring of see invisible
Talismans
 c - a beast talisman
 d - a flux talisman (active)
Wands
 f - a wand of roots (3) {@v2}
Scrolls
 e - a scroll of revelation {unknown}
 i - 4 scrolls of blinking {@r4}
 j - 3 scrolls of teleportation {@r3}
 m - a scroll of immolation {unknown}
 n - a scroll of amnesia {unknown}
 r - a scroll of vulnerability {unknown}
 v - a scroll of fog {unknown}
 x - a scroll of noise {unknown}
 B - a scroll of enchant weapon {unknown}
Potions
 b - a potion of lignification
 k - 3 potions of curing {@q1}
 o - a potion of cancellation
 q - 2 potions of brilliance {unknown}
 s - a potion of magic {unknown}
 t - a potion of enlightenment {unknown}
 u - 3 potions of haste {unknown}
 w - 2 potions of mutation {unknown}
 z - a potion of attraction {unknown}
 A - a potion of might {unknown}
 C - 2 potions of heal wounds {unknown}


   Skills:
 - Level 3.5 Fighting
 - Level 1.5 Dodging
 + Level 6.8 Unarmed Combat
 - Level 7.0 Shapeshifting


You had 6 spell levels left.
You didn't know any spells.
Your spell library contained the following spells:

 Spells                   Type           Power      Damage    Failure   Level
 Magic Dart               Conj           0%         1d3       45%         1
 Blink                    Tloc           0%         N/A       58%         2
 Call Imp                 Summ           0%         N/A       58%         2
 Cigotuvi's Dreadful Rot  Necr/Pois/Air  0%         N/A       58%         2
 Wereblood                Tmut           0%         N/A       58%         2
 Call Canine Familiar     Summ           0%         N/A       83%         3
 Ignite Poison            Fire/Tmut/Pois 0%         N/A       83%         3
 Inner Flame              Hex/Fire       0%         N/A       83%         3
 Mephitic Cloud           Conj/Pois/Air  0%         N/A       83%         3
 Sigil of Binding         Hex            0%         N/A       83%         3
 Dimensional Bullseye     Hex/Tloc       0%         N/A       99%         4
 Leda's Liquefaction      Hex/Erth       0%         N/A       99%         4
 Manifold Assault         Tloc           0%         N/A       99%         4
 Freezing Cloud           Conj/Ice/Air   0%         6-21      100%        5
 Irradiate                Conj/Tmut      0%         3d11      100%        5
 Yara's Violent Unravell  Hex/Tmut       0%         3d3       100%        5
 Enfeeble                 Hex            0%         N/A       100%        7


Dungeon Overview and Level Annotations

Branches:
Dungeon (6/15)             Temple (1/1) D:6

Altars:
Ashenzari
Cheibriados
Dithmenos
Elyvilon
Fedhas
Gozag
Hepliaklqana
Kikubaaqudgha
Makhleb
Nemelex Xobeh
Qazlal
Ru
Sif Muna
Trog
Uskayaw
Vehumet
Wu Jian
Xom
Yredelemnul
Zin
The Shining One

Shops:
D:2 (

Annotations:
D:6 Maggie


Innate Abilities, Weirdness & Mutations

You are something dangerously unstable.
You glow with magical radiation, making you easy to see and hit.
Foes you strike become dangerously contaminated with magical radiation.
You are incapable of wielding weapons or throwing items.
You are too large for most types of armour.
You have claws for hands.
Your natural rate of healing is unusually fast.
You are covered in fur. (AC +1)
You have tough skin. (AC +1)
You are missing a hand.
You are somewhat inexperienced. (-1 XL)


Message History

Aim: Maggie, wielding a +2 glaive of flaming and wearing +0 steam dragon scales (lightly wounded)
The roots erupt in riotous growth!
Roots grab Maggie.
The grasping roots constrict Maggie, but do no damage.
Maggie gives herself a magical halo, but it quickly sputters out.
Maggie escapes!
Aiming: Fastroot
Press: ? - help, Shift-Dir - straight line, f/p - Maggie
Aim: Maggie, wielding a +2 glaive of flaming and wearing +0 steam dragon scales (lightly wounded)
The roots erupt in riotous growth!
Roots grab Maggie.
The grasping roots constrict Maggie.
Maggie points at you and mumbles some strange words.
The bolt of fire hits you!
The grasping roots constrict Maggie.
The roots release their grip on Maggie.
Maggie hits you from afar with a +2 glaive of flaming!!
Maggie burns you.
You focus your inner power and blind Maggie in retribution!
Aiming: Fastroot
Press: ? - help, Shift-Dir - straight line, f/p - Maggie
Aim: Maggie, wielding a +2 glaive of flaming and wearing +0 steam dragon scales (moderately wounded, blind)
The roots erupt in riotous growth!
Roots grab Maggie.
The grasping roots constrict Maggie.
Maggie closely misses you.
The grasping roots constrict Maggie.
The roots release their grip on Maggie.
Maggie casts a spell at you. The bolt of fire hits you!!
* * * LOW HITPOINT WARNING * * *
You scratch Maggie.
Maggie begins to glow.
Maggie hits you with a +2 glaive of flaming.
* * * LOW HITPOINT WARNING * * *
Maggie burns you.
* * * LOW HITPOINT WARNING * * *
Aiming: Fastroot
Press: ? - help, Shift-Dir - straight line, p - Maggie The roots erupt in riotous growth!
Roots grab Maggie.
The grasping roots constrict Maggie.
Maggie hits you with a +2 glaive of flaming!
You die...

.......#######........#
.................###..#
......#######....# #..#
.....># #....# #..#
#.#...#######...:# #..#
#................# #..#
#.#....######....# #..#
#................###..###
#...............p.......#
#.#.)..#####....@.....###
#..................##.###
#.@.....................#
#.#............#.#.##.###
#.##...#####.#.#.#.##.#
#.##...# #.#.#.#.##.#
#g##...# #.#.#.#.##.#
#g##...#####.#.#.#.##.#


You could see Maggie (blind, contam, rooted).

Vanquished Creatures
  A hornet (D:6)
  Menkaure (D:5)
  2 black bears
  An ogre (D:6)
  A phantom (D:5)
  A gnoll sergeant (D:5)
  2 scorpions
  A gnoll bouda (D:6)
  A hound (D:5)
  4 jellies
  An iguana (D:5)
  An orc wizard (D:6)
  7 adders
  8 gnolls
  4 ufetubi (D:6)
  2 dart slugs (D:4)
  10 orcs
  5 endoplasms
  A giant cockroach (D:1)
  7 goblins
  9 hobgoblins
  8 jackals
  11 kobolds
  7 ball pythons
  4 bats (D:3)
  A frilled lizard (D:2)
  4 rats
105 creatures vanquished.

Vanquished Creatures (others)
  An ogre (D:5)
1 creature vanquished.

Grand Total: 106 creatures vanquished

Notes
Turn   | Place    | Note
-------+----------+-------------------------------------------
     0 | D:1      | Colgate the Troll Shapeshifter began the quest for the Orb.
     0 | D:1      | Reached XP level 1. HP: 18/18 MP: 0/0
   145 | D:1      | Reached XP level 2. HP: 26/26 MP: 1/1
   407 | D:1      | Found a faded altar of an unknown god.
   418 | D:1      | Prayed at the altar of an unknown god.
   418 | D:1      | Became a worshipper of Ru the Awakened
   423 | D:1      | Gained mutation: You are missing a hand. [Ru sacrifice]
   423 | D:1      | Reached * piety under Ru
   423 | D:1      | Reached ** piety under Ru
   423 | D:1      | Reached *** piety under Ru
   613 | D:2      | Reached XP level 3. HP: 32/32 MP: 2/2
   624 | D:2      | Found Bakij's Weapon Shop.
  1525 | D:3      | Reached XP level 4. HP: 40/40 MP: 3/3
  1991 | D:4      | Noticed a black bear
  1994 | D:4      | Reached skill level 5 in Unarmed Combat
  2188 | D:4      | Reached skill level 1 in Fighting
  2190 | D:4      | Noticed a scorpion
  2217 | D:4      | Killed a scorpion
  2218 | D:4      | Reached XP level 5. HP: 49/49 MP: 4/4
  2398 | D:4      | Found an ancient bone altar of Kikubaaqudgha.
  2403 | D:4      | Found a burning altar of Makhleb.
  2613 | D:4      | Killed a black bear
  2825 | D:4      | Gained mutation: You are somewhat inexperienced. (-1 XL)
                  | [Ru sacrifice]
  2825 | D:4      | Reached XP level 4. HP: 45/45 MP: 3/3
  2825 | D:4      | Reached **** piety under Ru
  3224 | D:5      | Entered Level 5 of the Dungeon
  3272 | D:5      | Reached XP level 5. HP: 53/53 MP: 4/4
  3376 | D:5      | Found a shimmering altar of Xom.
  3386 | D:5      | Reached skill level 4 in Shapeshifting
  3388 | D:5      | Found a radiant altar of Vehumet.
  3389 | D:5      | Found an ornate altar of the Wu Jian Council.
  3910 | D:5      | Found a hazy altar of Hepliaklqana.
  3996 | D:4      | Reached skill level 5 in Shapeshifting
  3996 | D:4      | Reached XP level 6. HP: 54/61 MP: 5/5
  4244 | D:5      | Noticed Menkaure
  4254 | D:5      | Killed Menkaure
  4255 | D:5      | Reached skill level 6 in Shapeshifting
  4544 | D:5      | Found a hazy altar of Hepliaklqana.
  4771 | D:5      | Found a radiant altar of Vehumet.
  4778 | D:5      | Found a shimmering altar of Xom.
  4778 | D:5      | Found an ornate altar of the Wu Jian Council.
  5311 | D:6      | Reached skill level 7 in Shapeshifting
  5327 | D:6      | Found a staircase to the Ecumenical Temple.
  5344 | Temple   | Entered the Ecumenical Temple
  5407 | D:6      | Found a glowing golden altar of the Shining One.
  5421 | D:6      | Reached XP level 7. HP: 67/67 MP: 6/6
  5511 | D:6      | Noticed a hornet
  5519 | D:6      | Killed a hornet
  5596 | D:6      | Found a broken altar of Ashenzari.
  5624 | D:6      | Identified the +6 dagger "Qucot" {speed, Dex+2}
  5707 | D:6      | Found a glowing silver altar of Zin.
  5861 | D:6      | Noticed Maggie
  5953 | D:6      | HP: 3/67 [Maggie/+2 glaive of flaming (2)]
  5954 | D:6      | Mangled by Maggie

Illustrated notes

Levels and vault maps discovered:
D:1:      eino_arrival_water_star, layout_basic,
          hellmonk_ecumenical_altar_pennies_from_heaven
D:2:      cheibrodos_helix_gallery, layout_basic, serial_shops, shop,
          minmay_misc_feat_secret_circle
D:3:      layout_rooms, hex_intersection
D:4:      layout_basic, nicolae_overflow_squiral, serial_forest,
          infiniplex_forest_end_2, infiniplex_forest_straight_1,
          infiniplex_forest_clump_small, infiniplex_forest_zigzag_1,
          infiniplex_forest_straight_4, kennysheep_small_spiral
D:5:      corexii_shack_village, layout_basic, grunt_temple_overflow_open,
          mainiacjoe_overflow_small_starburst, roderic_lattice_a, uniq_menkaure
D:6:      wad_lake_hut, layout_basic, zin_academy,
          nicolae_overflow_hidden_temple, uniq_maggie
Temple:   nicolae_temple_slightly_damp_pantheon

Skill      XL: |  1  2  3  4  5  6  7 |
---------------+----------------------+-----
Unarmed Combat | 4 5 6 |  6.8
Fighting       | 2 3 |  3.5
Shapeshifting  | 5 7 |  7.0
Dodging        | |  1.5

Action                     |  1- 3 |  4- 6 |  7- 9 || total
---------------------------+-------+-------+-------++-------
  Melee: Unarmed           |    82 |   153 |    46 ||   281
         Punch             |     1 |       |       ||     1
 Invoke: Sacrifice a Hand  |     1 |       |       ||     1
         Sacrifice Experie |       |     1 |       ||     1
  Evoke: Wand              |       |       |     5 ||     5
    Use: Scroll            |     3 |     2 |       ||     5
         Potion            |       |       |     1 ||     1
 Armour: Animal skin       |    44 |   104 |    55 ||   203
  Dodge: Dodged            |    18 |    51 |    34 ||   103
   Form: Flux              |       |     1 |       ||     1

Table legend: (Time is in decaauts)
 A = Elapsed time spent in this place.
 B = Non-inter-level travel time spent in this place.
 C = Inter-level travel time spent in this place.
 D = Time resting spent in this place.
 E = Time spent auto-exploring this place.
 F = Levels seen in this place.
 G = Mean time per level.
                   A        B        C        D        E       F      G
               +--------+--------+--------+--------+--------+-----+--------+
         Total |   5944 |   5624 |    320 |     73 |   4494 |   7 |  849.1 |
       Dungeon |   5943 |   5623 |    320 |     73 |   4494 |   6 |  990.5 |
        Temple |      1 |      1 |      0 |      0 |      0 |   1 |    1.0 |
               +--------+--------+--------+--------+--------+-----+--------+

Top non-repeatable levels by time:
     D:5: 1924 daAuts
     D:4: 1329 daAuts
     D:3: 878 daAuts
     D:6: 703 daAuts
     D:2: 615 daAuts
     D:1: 491 daAuts
  Temple: 1 daAuts
